 Dungeon Crawl Stone Soup version 0.27-a0-1291-geefcff550b (webtiles) character file.

Game seed: 9436707489279049845

6074 bilbop the Fighter (level 11, -10/71 HPs)
             Began as a Kobold Hunter on June 15, 2021.
             Was a Priest of Yredelemnul.
             Killed from afar by an efreet (25 damage)
             ... with a bolt of fire
             ... on level 9 of the Dungeon on June 16, 2021.
             The game lasted 01:00:42 (11150 turns).

bilbop the Fighter (Kobold Hunter)                 Turns: 11150, Time: 01:00:43

Health: -10/71     AC: 10    Str: 10    XL:     11   Next: 11%
Magic:  14/14      EV: 19    Int: 13    God:    Yredelemnul [***...]
Gold:   866        SH:  9    Dex: 21    Spells: 10/10 levels left

rFire    . . .     SeeInvis .   b - +2 dagger (venom)
rCold    . . .     Faith    .   f - +2 buckler of a Million Mice {rPois}
rNeg     . . .     Spirit   .   g - +0 troll leather armour
rPois    +         Reflect  .   K - +0 helmet
rElec    .         Harm     .   n - +0 cloak {Stlth+}
rCorr    .         Rampage  .   O - +2 pair of gloves {Dex+3}
Will     .....                  y - +0 pair of boots
Stlth    ++++++....             J - amulet of regeneration
HPRegen  2.21/turn              r - +4 ring of slaying
MPRegen  0.14/turn              u - ring of poison resistance

@: no status effects
A: small, no large weapons, nightstalker 3
a: Renounce Religion, Recall Undead Slaves, Injury Mirror, Animate Dead


You were on level 9 of the Dungeon.
You worshipped Yredelemnul.
Yredelemnul was most pleased with you.
You visited 2 branches of the dungeon, and saw 10 of its levels.

You collected 892 gold pieces.
You spent 26 gold pieces at shops.

Inventory:

Hand Weapons
 a - a +4 hand crossbow
 b - a +2 dagger of venom (weapon)
 c - a +1 dagger of flaming
 o - a +2 dagger of speed
 F - a +2 dagger of protection
Missiles
 d - 60 bolts
 G - 4 boomerangs of dispersal (quivered)
Armour
 e - a +0 kite shield
 f - the +2 buckler of a Million Mice (worn) {rPois}
   (You acquired it on level 3 of the Dungeon)

   It protects you from poison.
 g - a +0 troll leather armour (worn)
 n - a +0 cloak of stealth (worn)
 q - +0 steam dragon scales
 y - a +0 pair of boots (worn)
 H - the +1 leather armour of Hospitality {Fly rElec Will- Dex-5}
   (You found it on level 6 of the Dungeon)

   It affects your dexterity (-5).
   It insulates you from electricity.
   It grants you flight.
   It decreases your willpower.
 K - a +0 helmet (worn)
 O - a +2 pair of gloves of dexterity (worn)
 Q - a +2 robe of willpower
Jewellery
 r - a +4 ring of slaying (left hand)
 u - a ring of poison resistance (right hand)
 J - an amulet of regeneration (around neck)
Wands
 x - a wand of digging (18)
 R - a wand of paralysis (13)
Scrolls
 h - a scroll of summoning
 i - 3 scrolls of teleportation
 j - 2 scrolls of blinking
 k - a scroll of silence
 m - 3 scrolls of fear
 t - a scroll of brand weapon {unknown}
 A - a scroll of torment {unknown}
 B - a scroll of fog {unknown}
 E - a scroll of amnesia {unknown}
 I - 2 scrolls of enchant armour {unknown}
Potions
 l - a potion of flight {unknown}
 p - 2 potions of curing {unknown}
 s - a potion of heal wounds {unknown}
 v - a potion of mutation {unknown}
 w - 2 potions of ambrosia {unknown}
 z - 2 potions of attraction {unknown}
 C - a potion of berserk rage {unknown}
 D - a potion of lignification {unknown}
 L - a potion of cancellation {unknown}


   Skills:
 * Level 9.4 Fighting
 + Level 7.3 Short Blades
 + Level 8.5 Crossbows
 + Level 7.4 Dodging
 + Level 8.2 Stealth
 + Level 4.5 Shields
 + Level 4.8 Invocations


You had 10 spell levels left.
You didn't know any spells.
Your spell library contained the following spells:

 Spells                   Type           Power      Damage    Failure   Level
 Freeze                   Ice            0%         1d3       43%         1
 Frozen Ramparts          Ice            0%         1d2       80%         3
 Ozocubu's Armour         Ice            0%         N/A       80%         3
 Hailstorm                Conj/Ice       0%         3d3       99%         4
 Metabolic Englaciation   Hex/Ice        0%         N/A       100%        5


Dungeon Overview and Level Annotations

Branches:
Dungeon (9/15)             Temple (1/1) D:6            Lair (0/6) D:8
    Orc: D:9-12

Altars:
Ashenzari
Elyvilon
Fedhas
Gozag
Makhleb
Nemelex Xobeh
Okawaru
Qazlal
Ru
Sif Muna
Trog
Uskayaw
Vehumet
Wu Jian
Yredelemnul
Zin
The Shining One

Shops:
D:2 :   D:3 ?

Annotations:
D:4 2 runed translucent doors, ClownBaby's ghost, amateur DEFE


Innate Abilities, Weirdness & Mutations

You are small and have problems with some larger weapons.
You are completely attuned to the shadows.


Message History

The efreet is moderately wounded.
You shoot a bolt. The bolt hits the efreet.
The efreet is heavily wounded.
You shoot a bolt. The bolt hits the efreet!
The efreet is severely wounded.
The efreet gestures at you.
The fireball explodes!
The fireball engulfs you!!
The fireball engulfs your orc priest zombie!!
Your orc priest zombie is destroyed!
The fireball engulfs your orc zombie!!
Your orc zombie is destroyed!
The fireball engulfs the efreet.
The efreet completely resists.
Your +2 dagger of venom begins to drip with poison!
b - a +2 dagger of venom (weapon)
You barely miss the efreet.
The efreet is severely wounded.
The efreet hits you with a +4 scimitar of flaming.
The efreet burns you.
You hit the efreet but do no damage.
The efreet is severely wounded.
Your gnoll zombie barely misses the efreet.
You hit the efreet.
The efreet is poisoned.
The efreet is severely wounded.
The efreet hits you with a +4 scimitar of flaming.
The efreet burns you.
You hit the efreet.
The efreet is almost dead.
Your gnoll zombie hits the efreet from afar with a +2 halberd of venom.
The efreet gestures at you.
The fireball explodes!
The fireball engulfs you!
* * * LOW HITPOINT WARNING * * *
The fireball engulfs your orc zombie!!
Your orc zombie is destroyed!
The fireball engulfs your gnoll zombie!!
Your gnoll zombie is destroyed!
The fireball engulfs the efreet.
The efreet completely resists.
The efreet gestures at your kobold zombie.
The bolt of fire hits you!!
You die...
Your body rises from the dead as a mindless zombie.

####Z##Z. #.ZZZ.. #...Z.. #......
##########..... #####
#.......#######
##...########.......##.....
#........ZZ'R.########.....
#..)))....@#.°####..##.....
#........ZZ#).((○R..8#.....
########)####..####......=.##....
.......#.####..####.⌠.⌠...8##....
######...)ZZ...+....####..##.....
.....#....ZZ...#....########.(..)
)....#.........#.......Z.ZZZZ....
.....##.)###...##...#..#...##Z...
.....##.Z###...##############.Z..


You could see an efreet (very poisoned, ally target), a friendly kobold zombie
and 3 friendly orc zombies.

Vanquished Creatures
  2 two-headed ogres
  Joseph (D:9)
  A troll (D:9)
  A hornet (D:8)
  Prince Ribbit (D:9)
  2 steam dragons
  2 wargs (D:8)
  A water moccasin (D:8)
  3 orc warriors
  3 ice beasts
  A black bear (D:4)
  2 ogres
  5 necrophages
  3 centaurs
  2 kobold brigands (D:8)
  A bullfrog (D:8)
  A wyvern zombie (D:8)
  A scorpion (D:4)
  A water moccasin skeleton (D:6)
  4 killer bees (D:9)
  A howler monkey (D:4)
  3 bullfrog skeletons
  8 orc priests
  A bullfrog zombie (D:5)
  3 centaur skeletons
  4 hounds
  2 jellies
  5 orc wizards
  2 iguanas
  A killer bee zombie (D:7)
  A hound zombie (D:5)
  A howler monkey zombie (D:9)
  6 adders
  4 gnolls (D:9)
  A white imp (D:5)
  6 worms
  2 dart slugs
  38 orcs
  7 endoplasms
  5 giant cockroaches
  11 goblins
  3 hobgoblins
  9 jackals
  6 quokkas
  5 ball pythons
  5 bats
  A frilled lizard (D:3)
  A jackal skeleton (D:4)
  22 kobolds
  8 rats
210 creatures vanquished.

Vanquished Creatures (collateral kills)
  A warg (D:8)
  A centaur (D:8)
  A kobold brigand (D:9)
  A gnoll shaman (D:9)
  An orc priest (D:8)
  2 orc wizards
  A gnoll (D:9)
  7 orcs
15 creatures vanquished.

Vanquished Creatures (others)
  A human zombie (D:9)
  2 steam dragon zombies
  A bullfrog zombie (D:8)
  3 gnoll zombies (D:9)
  2 killer bee zombies (D:9)
  A kobold zombie (D:8)
  18 orc zombies
  A troll zombie (D:9)
  2 plants
31 creatures vanquished.

Grand Total: 256 creatures vanquished

Notes
Turn   | Place    | Note
-------+----------+-------------------------------------------
     0 | D:1      | bilbop the Kobold Hunter began the quest for the Orb.
     0 | D:1      | Reached XP level 1. HP: 12/12 MP: 1/1
   337 | D:1      | Reached XP level 2. HP: 18/18 MP: 2/2
   438 | D:1      | Found a faded altar of an unknown god.
  1263 | D:2      | Found Otsisioc's Book Shop.
  1274 | D:2      | Reached XP level 3. HP: 22/22 MP: 3/3
  1396 | D:2      | Reached skill level 5 in Crossbows
  1747 | D:2      | Reached skill level 1 in Short Blades
  1867 | D:2      | Reached skill level 3 in Fighting
  2496 | D:2      | Reached XP level 4. HP: 28/28 MP: 4/4
  3202 | D:3      | Found Ejariapt's Magic Scroll Shop.
  3207 | D:3      | Bought a scroll of identify for 26 gold pieces
  3207 | D:3      | Identified 2 scrolls of acquirement
  3216 | D:3      | Acquired the +2 buckler of a Million Mice {rPois}
  3621 | D:4      | Found a runed translucent door.
  3654 | D:4      | Found a glowing silver altar of Zin.
  3664 | D:4      | Noticed a scorpion
  3676 | D:4      | Killed a scorpion
  3676 | D:4      | Noticed ClownBaby's ghost (amateur DEFE)
  3677 | D:4      | Reached skill level 1 in Shields
  3677 | D:4      | Reached XP level 5. HP: 15/32 MP: 5/5
  4131 | D:4      | Found a runed translucent door.
  4322 | D:4      | Reached skill level 4 in Fighting
  4322 | D:4      | Reached XP level 6. HP: 33/38 MP: 6/6
  4604 | D:4      | Noticed a black bear
  4608 | D:4      | Killed a black bear
  4609 | D:4      | Reached XP level 7. HP: 44/44 MP: 7/7
  4609 | D:4      | Acquired a +0 cloak of stealth
  5022 | D:5      | Entered Level 5 of the Dungeon
  5175 | D:5      | Reached skill level 5 in Fighting
  5511 | D:5      | Reached XP level 8. HP: 49/49 MP: 8/8
  5659 | D:5      | Found a burning altar of Makhleb.
  6320 | D:5      | Reached skill level 6 in Fighting
  6320 | D:5      | Reached skill level 5 in Stealth
  6454 | D:5      | Reached skill level 5 in Dodging
  6921 | D:6      | Found a staircase to the Ecumenical Temple.
  6950 | Temple   | Entered the Ecumenical Temple
  7339 | Temple   | Became a worshipper of Yredelemnul the Dark
  7550 | D:6      | Reached XP level 9. HP: 56/56 MP: 9/9
  7590 | D:6      | Reached skill level 1 in Invocations
  7592 | D:6      | Reached skill level 5 in Short Blades
  7969 | D:6      | Reached skill level 7 in Fighting
  8041 | D:6      | Found an opulent altar of Gozag.
  8104 | D:6      | Identified the +1 leather armour of Hospitality {Fly rElec
                  | Will- Dex-5}
  8624 | D:7      | Reached * piety under Yredelemnul
  9237 | D:8      | Noticed a hornet
  9242 | D:8      | Killed a hornet
  9251 | D:8      | Noticed a two-headed ogre
  9257 | D:8      | Killed a two-headed ogre
  9258 | D:8      | Reached skill level 8 in Fighting
  9258 | D:8      | Reached XP level 10. HP: 53/64 MP: 12/12
  9369 | D:8      | Acquired a +2 pair of gloves of dexterity
  9699 | D:8      | Found a staircase to the Lair.
 10022 | D:9      | Reached ** piety under Yredelemnul
 10093 | D:9      | Noticed a two-headed ogre
 10098 | D:9      | Killed a two-headed ogre
 10104 | D:9      | Noticed Joseph
 10108 | D:9      | Killed Joseph
 10109 | D:9      | Reached skill level 9 in Fighting
 10239 | D:9      | Noticed Prince Ribbit
 10246 | D:9      | Killed Prince Ribbit
 10562 | D:9      | Reached XP level 11. HP: 71/71 MP: 14/14
 10616 | D:9      | Found a broken altar of Ashenzari.
 10687 | D:9      | Your ally Joseph died
 11035 | D:9      | Reached *** piety under Yredelemnul
 11150 | D:9      | Killed from afar by an efreet

Illustrated notes

Levels and vault maps discovered:
D:1:      dpeg_arrival_erosion, layout_loops_ring, basic_ecumenical_altar,
          minmay_misc_feat_five, kennysheep_boxes
D:2:      wad_lake_hut, layout_loops_ring, serial_shops, nicolae_shop_stone,
          minmay_tall_x
D:3:      layout_loops_ring, serial_shops, shop
D:4:      minmay_polygon_palace, layout_basic, general_overflow_altar,
          ebering_ghost_sewer_f, minmay_pentomino_pile
D:5:      layout_basic, lightli_temple_of_fire
D:6:      layout_rooms, grunt_gozag_statues, temple_statues, enter_ossuary_5,
          nicolae_zen_rock_garden
D:7:      layout_rooms
D:8:      layout_gridville, erik_lair_orcish_takeover, minmay_misc_feat_rugged
D:9:      layout_gridville, lemuel_crystal_altar, special_room
          [special_room_orc], small_chamber_with_monster, kennysheep_crisscross,
          kennysheep_generic_room_16, uniq_joseph, uniq_prince_ribbit1
Temple:   oiseaux_autumnal_temple

Skill      XL: |  1  2  3  4  5  6  7  8  9 10 |
---------------+-------------------------------+-----
Crossbows      | 5 6 7 8 |  8.5
Short Blades   | 1 2 3 4 6 7 |  7.3
Fighting       | 3 4 5 6 8 9 |  9.4
Stealth        | 2 3 4 5 7 8 |  8.2
Dodging        | 3 4 5 6 7 |  7.4
Shields        | 1 2 3 4 |  4.5
Invocations    | 3 4 |  4.8

Action                   |  1- 3 |  4- 6 |  7- 9 | 10-12 || total
-------------------------+-------+-------+-------+-------++-------
Melee: Short sword       |    35 |       |       |       ||    35
       Dagger            |    66 |    35 |   196 |   172 ||   469
 Fire: Hand crossbow     |    41 |    66 |    55 |    41 ||   203
Invok: Animate Remains   |       |       |     2 |    25 ||    27
       Animate Dead      |       |       |       |     2 ||     2
  Use: Scroll            |       |     7 |     6 |     3 ||    16
 Stab: Sleeping          |       |     1 |    16 |     8 ||    25
Armor: Leather armour    |    35 |    10 |    44 |       ||    89
       Steam dragon scal |       |       |     3 |    24 ||    27
       Troll leather arm |       |       |       |     2 ||     2
Dodge: Dodged            |    65 |    25 |   114 |    84 ||   288
Block: Kite shield       |    42 |     6 |       |       ||    48
       Buckler           |       |     9 |    62 |    47 ||   118

Table legend: (Time is in decaauts)
 A = Elapsed time spent in this place.
 B = Non-inter-level travel time spent in this place.
 C = Inter-level travel time spent in this place.
 D = Time resting spent in this place.
 E = Time spent auto-exploring this place.
 F = Levels seen in this place.
 G = Mean time per level.
                   A        B        C        D        E       F      G
               +--------+--------+--------+--------+--------+-----+--------+
         Total |  11131 |  10499 |    632 |   1059 |   7646 |  10 | 1113.1 |
       Dungeon |  10708 |  10138 |    570 |   1059 |   7288 |   9 | 1189.8 |
        Temple |    423 |    361 |     62 |      0 |    358 |   1 |  423.0 |
               +--------+--------+--------+--------+--------+-----+--------+

Top non-repeatable levels by time:
     D:5: 1902 daAuts
     D:2: 1587 daAuts
     D:4: 1442 daAuts
     D:1: 1231 daAuts
     D:8: 1193 daAuts
     D:9: 1093 daAuts
     D:3: 862 daAuts
     D:6: 825 daAuts
     D:7: 568 daAuts
  Temple: 423 daAuts
